 Dungeon Crawl Stone Soup version 0.29.1-15-g9cfb28693d (webtiles) character file.

Game seed: 14166804884854241871

106 chaostorm the Shooter (level 4, -8/27 HPs)
             Began as a Tengu Hunter on Apr 9, 2023.
             Killed from afar by an orc wizard (9 damage)
             ... with a puff of flame
             ... on level 1 of the Dungeon.
             The game lasted 00:09:20 (1984 turns).

chaostorm the Shooter (Tengu Hunter)                Turns: 1984, Time: 00:09:20

Health: -8/27      AC:  3    Str: 11    XL:     4   Next: 84%
Magic:  5/5        EV: 13    Int: 10    God:
Gold:   101        SH:  0    Dex: 19    Spells: 3/3 levels left

rFire   . . .      SeeInvis .   a - +0 shortbow
rCold   . . .      Faith    .   (shield currently unavailable)
rNeg    . . .      Spirit   .   c - +0 leather armour
rPois   .          Reflect  .   (helmet restricted)
rElec   .          Harm     .   (no cloak)
rCorr   .          Rampage  .   (no gloves)
Will    .....                   (boots unavailable)
Stlth   +.........              (no amulet)
HPRegen 0.09/turn               (no ring)
MPRegen 0.09/turn               (no ring)

@: silenced
A: beak, talons 3
a: no special abilities


You were on level 1 of the Dungeon.
You visited 1 branch of the dungeon, and saw 3 of its levels.

You collected 101 gold pieces.

Inventory:

Hand Weapons
 a - a +0 shortbow (weapon)
Missiles
 g - 4 poisoned darts
Armour
 c - a +0 leather armour (worn)
Jewellery
 k - a ring of resist corrosion
Wands
 j - a wand of flame (16)
Scrolls
 b - a scroll of immolation
 e - 2 scrolls of identify
 h - a scroll of noise {unknown}
Potions
 d - 2 potions of curing
 i - 2 potions of flight
 l - 2 potions of berserk rage
 n - a potion of attraction {unknown}


   Skills:
 + Level 2.9 Fighting
 + Level 5.0 Ranged Weapons
 + Level 3.2 Dodging
 + Level 2.4 Stealth


You had 3 spell levels left.
You didn't know any spells.
Your spell library was empty.

Dungeon Overview and Level Annotations

Branches:
Dungeon (3/15) Zot: 15975

Altars:


Innate Abilities, Weirdness & Mutations

You have a beak for a mouth.
You have claws for feet.


Message History

You hear some strange, mumbled words.
You are confused.
You miss something. Your peck misses something. Something hits you.
* * * LOW HITPOINT WARNING * * *
Something hits you.
* * * LOW HITPOINT WARNING * * *
You bump into the rock wall.
Something hits you but does no damage.
You completely miss something. Your kick misses something.
Your peck misses something. Something completely misses you.
Something hits you.
* * * LOW HITPOINT WARNING * * *
Something hits you.
* * * LOW HITPOINT WARNING * * *
You clumsily bash something but do no damage.
You feel less confused.
An orc wizard appears from thin air!
Reactivating autopickup.
The orc wizard barely misses you.
The orc wizard points at you and mumbles some strange words.
You resist with some effort.
Really attack while wielding your +0 shortbow? [Y]es or [N]o only, please.
Really attack while wielding your +0 shortbow?
Okay, then.
As you read the scroll labelled HAFUVE POITH, it crumbles to dust.
A profound silence engulfs you.
It was a scroll of silence.
The orc wizard hits you with a +0 dagger of speed.
* * * LOW HITPOINT WARNING * * *
The orc wizard attacks as you move away!
The orc wizard barely misses you.
The orc wizard attacks as you move away!
The orc wizard barely misses you.
The orc wizard attacks as you move away!
The orc wizard closely misses you.
The orc wizard attacks as you move away!
The orc wizard hits you with a +0 dagger of speed.
* * * LOW HITPOINT WARNING * * *
The orc wizard points at you and mumbles some strange words.
The puff of flame hits you!
You die...

#..........>...........#########
............#...@.o....#
##..........##.####.##.##
##..........##.# #.##..######
...........#.>.# #.#........#
[............### #.#.###....#
#............### #.#.'<'....#
...............## #.#.###....#
##.#.....#.###..###.#......###
#.#######.# ##.....########
#.........# ###....# ####...>..#
#....# ##...>## #....# ######
#....# ######


You could see an orc wizard.

Vanquished Creatures
  An orc priest (D:3)
  3 adders
  2 dart slugs
  2 orcs
  2 ball pythons
  8 bats
  5 endoplasms
  3 goblins
  4 hobgoblins (D:2)
  3 jackals (D:1)
  2 quokkas
  3 frilled lizards
  2 kobolds (D:2)
  5 rats
45 creatures vanquished.

Vanquished Creatures (others)
  3 fungi (D:3)
  2 plants (D:3)
5 creatures vanquished.

Grand Total: 50 creatures vanquished

Notes
Turn   | Place    | Note
-------+----------+-------------------------------------------
     0 | D:1      | chaostorm the Tengu Hunter began the quest for the Orb.
     0 | D:1      | Reached XP level 1. HP: 12/12 MP: 2/2
    91 | D:1      | Reached XP level 2. HP: 17/17 MP: 3/3
   437 | D:2      | Reached XP level 3. HP: 22/22 MP: 4/4
  1002 | D:2      | Reached XP level 4. HP: 27/27 MP: 5/5
  1765 | D:3      | Reached skill level 5 in Ranged Weapons
  1984 | D:1      | HP: 1/27 [orc wizard/+0 dagger of speed (2)]
  1984 | D:1      | Killed from afar by an orc wizard

Illustrated notes

Levels and vault maps discovered:
D:1:      dpeg_arrival_tiny_d, layout_rooms
D:2:      layout_loops_cross
D:3:      layout_rooms, shapermc_ecumenical_altar_rom_forum, minmay_puff,
          uniq_sigmund

Skill      XL: |  1  2  3  4 |
---------------+-------------+-----
Stealth        | 2 |  2.4
Dodging        | 3 |  3.2
Ranged Weapons | 5 |  5.0
Fighting       | |  2.9

Action                   |  1- 3 |  4- 6 || total
-------------------------+-------+-------++-------
Melee: Shortbow          |       |     7 ||     7
       Peck              |       |     2 ||     2
       Kick              |       |     1 ||     1
 Fire: Shortbow          |    67 |    49 ||   116
  Use: Scroll            |       |     4 ||     4
       Potion            |       |     1 ||     1
Armor: Leather armour    |     4 |    20 ||    24
Dodge: Dodged            |    10 |    22 ||    32
